 Dungeon Sprint DCSS version 0.31-a0-702-gf82c85558f (webtiles) character file.

Game seed: 6118852330910296886

831 sircluck the Grappler (level 7, -2/81 HPs)
             Began as a Troll Berserker on Sept 8, 2023.
             Was a High Priest of Trog.
             Slain by a deep elf pyromancer
             ... wielding a +1 long sword of holy wrath
              (12 damage)
             ... in the Dungeon (Sprint III: "The Ten Rune Challenge").
             The game lasted 00:01:15 (375 turns).

sircluck the Grappler (Troll Berserker)              Turns: 375, Time: 00:01:15

Health: -2/81      AC:  4    Str: 28    XL:     7   Next: 65%
Magic:  6/6        EV: 12    Int:  3    God:    Trog [*****.]
Gold:   36         SH:  0    Dex:  9    Spells: 6/6 levels left

rFire   . .          .
                       - Unarmed
rCold   . . .        (no shield)
rNeg    . . .        a - +0 animal skin
rPois   .            (helmet restricted)
rElec   .            (no cloak)
rCorr   .            (gloves unavailable)
SInv    .            (boots unavailable)
Will    .....        (no amulet)
Stlth   +            (no ring)
HPRegen 1.13/turn    (no ring)
MPRegen 0.10/turn

%: no teleportation
@: on berserk cooldown, slowed, very slow
A: large, unfitting armour, claws 3, regeneration 1, shaggy fur 1, tough skin 1
a: Renounce Religion, Berserk, Trog's Hand, Brothers in Arms


You were in the Dungeon.
You worshipped Trog.
Trog was extremely pleased with you.
You visited 1 branch You collected 36 gold pieces.

Inventory:

Armour
 a - a +0 animal skin (worn)
Wands
 n - a wand of polymorph (8)
Scrolls
 i - a scroll of immolation {unknown}
 j - a scroll of amnesia {unknown}
 l - a scroll of poison {unknown}
 m - a scroll of identify {unknown}
Potions
 b - a potion of curing
 c - 3 potions of heal wounds
 d - a potion of haste
 e - 2 potions of magic
 f - a potion of berserk rage
 h - 3 potions of mutation {unknown}
 k - 3 potions of enlightenment


   Skills:
 + Level 8.7 Fighting
 + Level 8.6 Dodging
 + Level 10.2 Unarmed Combat


You had 6 spell levels left.
You didn't know any spells.
Your spell library was empty.

Dungeon Overview and Level Annotations

Branches:
Dungeon (1/1)

Altars:
Cheibriados
Dithmenos
Elyvilon
Fedhas
Gozag
Hepliaklqana
Kikubaaqudgha
Makhleb
Nemelex Xobeh
Okawaru
Qazlal
Ru
Sif Muna
Trog
Uskayaw
Vehumet
Wu Jian
Xom
Yredelemnul
Zin
The Shining One
Jiyva
Lugonu


Innate Abilities, Weirdness & Mutations

You are too large for most types of armour.
You have claws for hands.
Your natural rate of healing is unusually fast.
You are covered in fur. (AC +1)
You have tough skin. (AC +1)


Message History

The fire elemental disappears in a puff of smoke!
The deep elf pyromancer points at you and mumbles some strange words.
The sticky flame hits you.
You are covered in liquid flames!
Unknown command.
Found a potion of curing.
You are covered in liquid flames!
You are no longer on fire.
The fire elemental hits you. The fire elemental burns you!
The deep elf pyromancer misses you. The fire elemental closely misses you.
The deep elf pyromancer hits you but does no damage.
There is an open door here.
You closely miss the deep elf pyromancer.
The fire elemental hits you. The fire elemental burns you!
The deep elf pyromancer hits you with a +1 long sword of holy wrath.
The fire elemental hits you. The fire elemental burns you!
You miss the deep elf pyromancer.
The deep elf pyromancer hits you with a +1 long sword of holy wrath.
The fire elemental hits you. The fire elemental burns you!
You mangle the deep elf pyromancer!!
The deep elf pyromancer is severely wounded.
The fire elemental hits you. The fire elemental burns you!
The deep elf pyromancer points at you and mumbles some strange words.
The bolt of fire misses you. The fire elemental hits you.
The fire elemental burns you!
* * * LOW HITPOINT WARNING * * *
The deep elf pyromancer casts a spell.
You closely miss the deep elf pyromancer.
The deep elf pyromancer is severely wounded.
The fire elemental disappears in a puff of smoke!
The fire elemental closely misses you. x2; The fire elemental hits you.
The fire elemental burns you!
* * * LOW HITPOINT WARNING * * *
The deep elf pyromancer closely misses you.
Blink to where?
Press: ? - help, Q - select action, (/) - cycle Dir - move target
As you read the scroll of blinking, it crumbles to dust.
The fire elemental barely misses you.
The deep elf pyromancer hits you with a +1 long sword of holy wrath!
You die...

▓▓▓▓▓▓▓▓▓▓ ▓▓▓ #..'...♣.♣
♣.############ #..#....♣♣
♣.#_E§#___#__# ####....♣♣
♣♣.#@e○#__)#._#
...#....~♣♣♣♣..###E#'###)##
...#...~~.♣....#..○○......#
..[#..~~~~♣♣♣..'.⌠........#
##'#..~≈≈~~~♣..#...######'#
..)#.~~≈~~~....#.⌠.#__#...#
...#.~≈~~~.....#...#__#...#
...#.~~~.......#'###__#...#
####...........#)):#__#...+


You could see a deep elf pyromancer and 2 fire elementals.

Vanquished Creatures
  A shadow (D)
  A spatial vortex (D)
  A necrophage (D)
  A water elemental (D)
  A jelly (D)
  A wizard (D)
  Jessica (D)
  A necromancer (D)
  A kobold demonologist (D)
  3 humans (D)
  A phantom (D)
  An endoplasm (D)
  2 rats (D)
16 creatures vanquished.

Notes
Turn   | Place    | Note
-------+----------+-------------------------------------------
     0 | D        | sircluck the Troll Berserker began the quest for the Orb.
     0 | D        | Reached XP level 1. HP: 22/22 MP: 0/0
    13 | D        | Noticed Jessica
    20 | D        | Killed Jessica
    20 | D        | Reached ** piety under Trog
    21 | D        | Reached skill level 4 in Unarmed Combat
    21 | D        | Reached XP level 2. HP: 14/32 MP: 1/1
    23 | D        | Reached XP level 3. HP: 19/39 MP: 2/2
    76 | D        | Reached *** piety under Trog
    77 | D        | Reached skill level 5 in Unarmed Combat
   110 | D        | Noticed a water elemental
   118 | D        | Killed a water elemental
   119 | D        | Reached skill level 5 in Fighting
   119 | D        | Reached skill level 5 in Dodging
   119 | D        | Reached skill level 6 in Unarmed Combat
   119 | D        | Reached XP level 4. HP: 23/50 MP: 3/3
   161 | D        | Found a radiant altar of Vehumet.
   161 | D        | Found a shimmering blue altar of Sif Muna.
   161 | D        | Found an ancient bone altar of Kikubaaqudgha.
   161 | D        | Noticed a wizard
   166 | D        | Noticed a red devil
   171 | D        | Killed a wizard
   171 | D        | Reached **** piety under Trog
   172 | D        | Reached XP level 5. HP: 15/58 MP: 4/4
   213 | D        | Found a basalt altar of Yredelemnul.
   213 | D        | Found a shadowy altar of Dithmenos.
   213 | D        | Found a sacrificial altar of Ru.
   218 | D        | Reached skill level 7 in Unarmed Combat
   247 | D        | Noticed a shadow
   249 | D        | Killed a shadow
   249 | D        | Reached ***** piety under Trog
   250 | D        | Reached skill level 8 in Unarmed Combat
   250 | D        | Reached XP level 6. HP: 71/71 MP: 5/5
   259 | D        | Found a blossoming altar of Fedhas.
   259 | D        | Found a stormy altar of Qazlal.
   259 | D        | Found a snail-covered altar of Cheibriados.
   259 | D        | Found a burning altar of Makhleb.
   259 | D        | Found a shimmering altar of Xom.
   260 | D        | Found a hazy altar of Hepliaklqana.
   260 | D        | Found an opulent altar of Gozag.
   260 | D        | Found a sparkling altar of Nemelex Xobeh.
   260 | D        | Found a corrupted altar of Lugonu.
   260 | D        | Found a viscous altar of Jiyva.
   260 | D        | Noticed a spatial vortex
   305 | D        | Killed a spatial vortex
   306 | D        | Reached skill level 9 in Unarmed Combat
   306 | D        | Reached XP level 7. HP: 71/79 MP: 6/6
   333 | D        | Found a hide-covered altar of Uskayaw.
   333 | D        | Found an iron altar of Okawaru.
   334 | D        | Found a bloodstained altar of Trog.
   334 | D        | Found an ornate altar of the Wu Jian Council.
   334 | D        | Noticed a human
   334 | D        | Noticed a human
   340 | D        | Killed a human
   343 | D        | Killed a human
   344 | D        | Reached skill level 10 in Unarmed Combat
   367 | D        | Found a glowing silver altar of Zin.
   367 | D        | Found a glowing golden altar of the Shining One.
   367 | D        | Found a white marble altar of Elyvilon.
   367 | D        | Noticed a deep elf pyromancer
   368 | D        | Noticed a fire elemental
   369 | D        | Noticed a fire elemental
   369 | D        | Noticed a fire elemental
   374 | D        | Noticed a fire elemental
   374 | D        | Noticed a fire elemental
   375 | D        | Slain by a deep elf pyromancer

Illustrated notes

Levels and vault maps discovered:
D:        dungeon_sprint_mu [sprint_mu_entry_forest, sprint_mu_temple_rooms,
          sprint_mu_d1_horrors, sprint_mu_d2_genie, sprint_mu_d3_branching,
          sprint_mu_orc_legion, sprint_mu_elf_gauntlet, sprint_mu_hive_nellie,
          sprint_mu_lair_fedhas, sprint_mu_vaults_butterflies,
          sprint_mu_slime_circle, sprint_mu_swamp_cave, sprint_mu_snake_twists,
          sprint_mu_blade_basic, sprint_mu_crypt_lich, sprint_mu_tomb_spiral,
          sprint_mu_vestibule_basic, sprint_mu_gehenna_hellfire,
          sprint_mu_dis_giant, sprint_mu_tartarus_statrot,
          sprint_mu_cocytus_islands, sprint_mu_zot1]

Skill      XL: |  1  2  3  4  5  6  7 |
---------------+----------------------+-----
Fighting       | 3 5 7 8 |  8.7
Dodging        | 3 5 7 8 |  8.6
Unarmed Combat | 4 6 8 9 10 | 10.2

Action                     |  1- 3 |  4- 6 |  7- 9 || total
---------------------------+-------+-------+-------++-------
  Melee: Unarmed           |    25 |    25 |    14 ||    64
 Invoke: Berserk           |     1 |       |     1 ||     2
    Use: Scroll            |       |       |     1 ||     1
 Armour: Animal skin       |    19 |    18 |    27 ||    64
  Dodge: Dodged            |     8 |     4 |    10 ||    22

Table legend: (Time is in decaauts)
 A = Elapsed time spent in this place.
 B = Non-inter-level travel time spent in this place.
 C = Inter-level travel time spent in this place.
 D = Time resting spent in this place.
 E = Time spent auto-exploring this place.
 F = Levels seen in this place.
 G = Mean time per level.
                   A        B        C        D        E       F      G
               +--------+--------+--------+--------+--------+-----+--------+
         Total |    387 |    387 |      0 |    104 |     90 |   1 |  387.0 |
       Dungeon |    387 |    387 |      0 |    104 |     90 |   1 |  387.0 |
               +--------+--------+--------+--------+--------+-----+--------+

Top non-repeatable levels by time:
       D: 387 daAuts
